 Dungeon Crawl Stone Soup version 0.17.1-3-g152610e (webtiles) character file.

80 Freud the Cutter (level 4, -11/23 HPs)
             Began as a Vine Stalker Fighter on Apr 1, 2016.
             Killed by divine providence
             ... invoked by an orc priest
              (14 damage)
             ... on level 3 of the Dungeon.
             The game lasted 00:20:34 (1942 turns).

Freud the Cutter (Vine Stalker Fighter)             Turns: 1942, Time: 00:20:35

Health: -11/23     AC:  7    Str: 19    XL:     4   Next: 39%
Magic:  0/5        EV:  9    Int:  8    God:
Gold:   76         SH:  0    Dex: 14    Spells: 0 memorised, 3 levels left

rFire  . . .     SeeInvis .     a - +0 dagger
rCold  . . .     Clarity  .     n - +0 scale mail
rNeg   . . .     SustAt   .     (no shield)
rPois  .         Gourm    .     (no helmet)
rElec  .         Spirit   +     (no cloak)
rCorr  .         Warding  .     t - +0 pair of gloves
rMut   .         Stasis   .     (no boots)
MR     .....                    (no amulet)
Stlth  ..........               (no ring)
                                (no ring)

@: not resistant to hostile enchantments, extremely unstealthy
A: fangs 2, regeneration 1, magic shield, antimagic bite, no device heal 3, rot
immunity
a: no special abilities


You were on level 3 of the Dungeon.
You were very hungry.

You visited 1 branch of the dungeon, and saw 3 of its levels.

You collected 76 gold pieces.

Inventory:

Hand Weapons
 a - a +0 dagger (weapon)
 b - a +0 short sword
 g - a +0 rapier
Missiles
 m - 31 stones (quivered)
Armour
 c - a +0 shield
 n - a +0 scale mail (worn)
 t - a +0 pair of gloves (worn)
Jewellery
 k - an uncursed amulet of stasis
Wands
 q - a wand of cold (7)
Scrolls
 f - 2 scrolls of remove curse {unknown}
 h - a scroll of amnesia {unknown}
 i - 4 scrolls of identify {unknown}
 l - a scroll of immolation {unknown}
 p - 4 scrolls of recharging {unknown}
 u - a scroll of teleportation {unknown}
Potions
 d - a potion of might
 o - a potion of cancellation {unknown}
 r - a potion of brilliance {unknown}
Comestibles
 e - 2 bread rations
 j - a meat ration
 s - 2 slices of pizza


   Skills:
 + Level 2.8 Fighting
 + Level 4.0 Short Blades
 - Level 2.4 Armour
 - Level 2.6 Shields


You had 3 spell levels left.
You didn't know any spells.

Dungeon Overview and Level Annotations

Branches:
Dungeon (3/15)

Altars:


Innate Abilities, Weirdness & Mutations

You have extremely sharp teeth.
Your natural rate of healing is unusually fast.
When hurt, damage is shared between your health and your magic reserves.
Your bite disrupts and absorbs the magic of your enemies.
Potions and wands cannot restore your health.
You are immune to rotting.


Message History

The goblin shoots a stone.
The stone hits you.
You see here a stone.
A rat comes into view.
The goblin shoots a stone.
The stone hits you.
* * * LOW HITPOINT WARNING * * *
Found a spear.
The goblin shoots a stone.
The stone closely misses you.
You see here a stone.
The rat barely misses you.
You closely miss the rat. Your bite misses the rat. You hit the rat.
The rat is severely wounded.
The rat bites you but does no damage.
You hit the rat but do no damage. You bite the rat. You drain its power.
You feel invigorated.
You kill the rat!
The orc priest invokes the aid of Beogh against you.
Something smites you!
Ouch! That really hurt!
You die...

........o...........#
#.#
...#.###g####.#####.#
##.#
#g####o#####.#####..#
#o##...............##
#(##.#.#####.###.######
#g##g..#####.# #.......
#))((........# ########
######(###### # #@# #
#.# ##### .). #<..<
...... #.### .##..#.#
#.# ...#..... #.#
..#..#..#.## #.# #.#
#...#.# #.### .. #
#..##.#.#.# #...#


You could see an orc priest and a goblin.

Vanquished Creatures
  3 adders (D:2)
  2 worms (D:2)
  An orc (D:3)
  A giant cockroach (D:2)
  5 goblins
  7 hobgoblins
  4 jackals
  10 bats
  4 giant newts
  6 kobolds
  7 rats
50 creatures vanquished.

Notes
Turn   | Place    | Note
--------------------------------------------------------------
     0 | D:1      | Freud the Vine Stalker Fighter began the quest for the Orb.
     0 | D:1      | Reached XP level 1. HP: 11/11 MP: 2/2
   185 | D:1      | Reached XP level 2. HP: 14/16 MP: 1/3
   461 | D:1      | Reached skill level 3 in Short Blades
   537 | D:1      | Reached XP level 3. HP: 19/19 MP: 4/4
  1298 | D:2      | Reached XP level 4. HP: 23/23 MP: 5/5
  1337 | D:2      | Reached skill level 4 in Short Blades
  1942 | D:3      | Killed from afar by an orc priest

Action                   |  1- 3 |  4- 6 || total
-------------------------+-------+-------++-------
Melee: Short sword       |    43 |       ||    43
       Rapier            |     1 |       ||     1
       Dagger            |   145 |    48 ||   193
  Eat: Chunk             |     1 |     1 ||     2
